 Dungeon Crawl Stone Soup version 0.27-a0-46-g34d46f0a3f (webtiles) character file.

Game seed: 11132529541467448968

336 Eryximachus the Changer (level 6, 0/39 HPs)
             Began as an Octopode Transmuter on Jan 6, 2021.
             Slain by a phantom (8 damage)
             ... on level 4 of the Dungeon on Jan 7, 2021.
             The game lasted 00:15:52 (8900 turns).

Eryximachus the Changer (Octopode Transmuter)       Turns: 8900, Time: 00:15:52

Health: 0/39       AC: -7    Str:  9    XL:     6   Next: 54%
Magic:  10/10      EV: 13    Int: 16    God:
Gold:   278        SH:  0    Dex: 14    Spells: 0/10 levels left

rFire    x . .     SeeInvis .   c - staff of earth
rCold    + . .     Faith    .   (no shield)
rNeg     . . .     Spirit   .   (helmet restricted)
rPois    .         Reflect  .   (no amulet)
rElec    .         Harm     .   i - ring of willpower
rCorr    .         Rampage  .   j - ring of ice
Will     +....                  (no ring)
Stlth    ++........             (no ring)
HPRegen  0.13/turn              (no ring)
MPRegen  0.12/turn              (no ring)
                                (no ring)
                                (no ring)

@: corroded
A: almost no armour, stealthy swim, amphibious, 8 rings, constrict 8, camouflage
1, gelatinous body 1
a: no special abilities


You were on level 4 of the Dungeon.
You visited 1 branch of the dungeon, and saw 5 of its levels.

You collected 278 gold pieces.

Inventory:

Missiles
 b - 193 stones (quivered)
Magical Staves
 c - an uncursed staff of earth (weapon)
Jewellery
 i - a ring of willpower (left tentacle)
 j - a ring of ice (right tentacle)
Scrolls
 a - 4 scrolls of remove curse
 f - a scroll of amnesia {unknown}
 h - a scroll of magic mapping {unknown}
 l - a scroll of random uselessness {unknown}
 o - 2 scrolls of teleportation
Potions
 d - 8 potions of curing
 e - 2 potions of brilliance
 g - a potion of degeneration {unknown}
 k - a potion of might {unknown}
 m - 3 potions of lignification
 n - 2 potions of flight


   Skills:
 - Level 2.0 Fighting
 - Level 2.0 Dodging
 - Level 4.0 Unarmed Combat
 + Level 2.9 Spellcasting
 - Level 5.0 Transmutations
 - Level 2.0 Poison Magic


You couldn't memorise any spells.
You knew the following spells:

 Your Spells              Type           Power        Failure   Level
a - Beastly Appendage     Tmut           36%          2%          1
b - Wereblood             Tmut           18%          3%          2
c - Spider Form           Tmut/Pois      6%           14%         3
d - Ice Form              Ice/Tmut       15%          56%         4

Your spell library contained the following spells:

 Spells                   Type           Power        Failure   Level
 Blade Hands              Tmut           9%           56%         5


Dungeon Overview and Level Annotations

Branches:
Dungeon (5/15)
 Temple: D:4-7

Altars:
Fedhas
Kikubaaqudgha
Nemelex Xobeh
Sif Muna
Wu Jian


Innate Abilities, Weirdness & Mutations

You cannot wear most types of armour.
You are very stealthy in the water. (Stealth+)
You are amphibious.
You can wear up to eight rings at the same time.
You can use your tentacles to constrict eight enemies at once.
Your skin changes colour to match your surroundings (Stealth+).
Your rubbery body absorbs attacks. (AC +1, EV +1)


Message History

The adder skeleton bites you.
* * * LOW HITPOINT WARNING * * *
You hit the adder skeleton but do no damage.
The adder skeleton is lightly damaged.
The adder skeleton barely misses you.
You hit the adder skeleton but do no damage.
The adder skeleton is lightly damaged.
The adder skeleton bites you.
* * * LOW HITPOINT WARNING * * *
You barely miss the adder skeleton.
The adder skeleton is lightly damaged.
The adder skeleton closely misses you. The adder skeleton bites you.
* * * LOW HITPOINT WARNING * * *
Your transformation has ended.
Your uncursed staff of earth unmelds from your body.
There is a stone staircase leading up here.
The adder skeleton closely misses you. The adder skeleton barely misses you.
You climb upwards.
The phantom hits you!
You die...

##...## ##.W.............###
#....## ###)...........##
##....## ###(........##
####....# ##.##.....##
#...#...## ##..########
#........######..##
#................# #####
#..............W.# ###...###
#.........#####.@#####.......##
#.........# ##..##..........##
..[......## ##..#...........##
..#.....## ##.##...........#
######..# #..#...........# #
#### ##..#..........#
##.##.........# ##.##..W.....#
#..##.......#


You could see a phantom.

Vanquished Creatures
  A hound (D:5)
  A jelly (D:5)
  2 orc wizards
  2 worker ants
  4 gnolls
  4 adders
  A worm (D:3)
  3 dart slugs
  10 orcs
  A ball python (D:2)
  10 bats
  A giant cockroach (D:1)
  5 goblins
  11 hobgoblins
  6 jackals
  7 kobolds
  A ball python skeleton (D:4)
  4 frilled lizards
  A leopard gecko skeleton (D:4)
  10 rats
85 creatures vanquished.

Notes
Turn   | Place    | Note
-------+----------+-------------------------------------------
     0 | D:1      | Eryximachus the Octopode Transmuter began the quest for the
                  | Orb.
     0 | D:1      | Reached XP level 1. HP: 13/13 MP: 3/3
  1125 | D:1      | Reached XP level 2. HP: 18/18 MP: 3/5
  1134 | D:1      | Learned a level 2 spell: Wereblood
  1263 | D:1      | Reached skill level 3 in Transmutations
  2288 | D:1      | Reached XP level 3. HP: 17/23 MP: 4/6
  2292 | D:1      | Learned a level 3 spell: Spider Form
  2754 | D:2      | Reached skill level 4 in Transmutations
  3099 | D:2      | Reached XP level 4. HP: 28/28 MP: 1/7
  4276 | D:2      | Found a faded altar of an unknown god.
  4652 | D:3      | Reached skill level 5 in Transmutations
  4698 | D:3      | Found an ornate altar of the Wu Jian Council.
  4740 | D:3      | Reached XP level 5. HP: 29/33 MP: 5/8
  5379 | D:3      | Found a blossoming altar of Fedhas.
  5379 | D:3      | Found an ancient bone altar of Kikubaaqudgha.
  5944 | D:4      | Noticed a phantom
  6058 | D:4      | Found a shimmering blue altar of Sif Muna.
  6471 | D:4      | Reached XP level 6. HP: 23/39 MP: 5/9
  6882 | D:4      | Found a sparkling altar of Nemelex Xobeh.
  6902 | D:4      | Reached skill level 1 in Poison Magic
  8223 | D:3      | Learned a level 4 spell: Ice Form
  8440 | D:5      | Entered Level 5 of the Dungeon
  8900 | D:4      | Slain by a phantom

Illustrated notes

Levels and vault maps discovered:
D:1:      saegor_arrival_simple_e, layout_loops_ring, minmay_strange_pillars,
          kennysheep_nondescript, minivault_24
D:2:      layout_basic, chequers_ecumenical_altar_grove, amethyst_killhole
D:3:      layout_loops_ring, grunt_temple_overflow_growth_and_decay,
          old_standard_altar
D:4:      layout_cave_pods, nemelex_xobeh_ov_fountains_minmay,
          lemuel_crystal_altar
D:5:      layout_basic, vehumet_crystals, fedhas_altar_1, uniq_sigmund,
          uniq_grinder

Skill      XL: |  1  2  3  4  5  6 |
---------------+-------------------+-----
Transmutations | 3 4 5 |  5.0
Fighting       | 2 |  2.0
Unarmed Combat | 4 |  4.0
Poison Magic   | 2 |  2.0
Dodging        | |  2.0
Spellcasting   | |  2.9

Action                   |  1- 3 |  4- 6 || total
-------------------------+-------+-------++-------
Melee: Unarmed           |    54 |   153 ||   207
       Kick              |    15 |     4 ||    19
       Constrict         |    18 |    25 ||    43
       Punch             |     2 |     1 ||     3
       Tentacles         |     5 |    12 ||    17
       Staff             |       |    11 ||    11
Throw: Stone             |     5 |       ||     5
 Cast: Beastly Appendage |    18 |     5 ||    23
       Spider Form       |     1 |    17 ||    18
       Wereblood         |     1 |     5 ||     6
  Use: Scroll            |       |     6 ||     6
 Stab: Sleeping          |     3 |     8 ||    11
Armor: Skin              |     5 |    20 ||    25
Dodge: Dodged            |    30 |   133 ||   163

Table legend: (Time is in decaauts)
 A = Elapsed time spent in this place.
 B = Non-inter-level travel time spent in this place.
 C = Inter-level travel time spent in this place.
 D = Time resting spent in this place.
 E = Time spent auto-exploring this place.
 F = Levels seen in this place.
 G = Mean time per level.
                   A        B        C        D        E       F      G
               +--------+--------+--------+--------+--------+-----+--------+
         Total |   8894 |   8622 |    272 |   4870 |   1970 |   5 | 1778.8 |
       Dungeon |   8894 |   8622 |    272 |   4870 |   1970 |   5 | 1778.8 |
               +--------+--------+--------+--------+--------+-----+--------+

Top non-repeatable levels by time:
     D:1: 2644 daAuts
     D:3: 2249 daAuts
     D:2: 1881 daAuts
     D:4: 1704 daAuts
     D:5: 414 daAuts
